[Event "Netanya Open 2019"]
[Site "Netanya"]
[Date "2019.06.30"]
[Round "7.56"]
[White "Sobel, Ido"]
[Black "Cohen Revivo, Alon"]
[Result "0-1"]
[WhiteElo "1606"]
[BlackElo "2030"]
[PlyCount "114"]
[EventDate "2019.06.23"]
[EventType "swiss"]
[EventRounds "9"]
[EventCountry "ISR"]
[TimeControl "40/5400+30:1800+30"]

1. e4 Nc6 2. d4 d5 3. exd5 Qxd5 4. Nf3 e5 5. Nc3 Bb4 6. a3 Bxc3+ 7. bxc3 e4 8. Nd2 Nf6 9. h3 Bf5 10. Nb3 O-O 11. Bf4 Rfe8 12. c4 Qd7 13. Be2 h6 14. Qd2 b6 15. Qe3 Bg6 16. g4 a5 17. Rd1 a4 18. Nc1 Rad8 19. c3 Na5 20. Na2 Qe7 21. Nc1 Rd7 22. Rd2 Nb3 23. Ra2 Na5 24. h4 h5 25. g5 Nh7 26. Qd2 Nb3 27. Qd1 e3 28. Bxe3 Nxc1 29. Qxc1 Qe4 30. Rh2 Nf8 31. Bf1 Rde7 32. Re2 Qg4 33. Kd2 Qe6 34. Re1 Qd6 35. Rh3 Ne6 36. Rf3 Nc5 37. Qb2 Nb3+ 38. Kd1 Qc6 39. d5 Qd6 40. Be2 Re4 41. Rh3 R4e7 42. Bf3 c6 43. Rhh1 cxd5 44. cxd5 b5 45. Bd4 Qf4 46. Be2 Rxe2 47. Rxe2 Rxe2 48. Kxe2 Qe4+ 49. Be3 Qxh1 50. f3 Qxh4 51. Kf1 Qc4+ 52. Kg2 Qxd5 53. Qf2 Na5 54. Qg3 Nc4 55. Qb8+ Kh7 56. Bc1 Qe5 57. Qb7 Qe2+ 0-1

[Event "Netanya Open 2019"]
[Site "Netanya"]
[Date "2019.06.30"]
[Round "7.57"]
[White "Kharlamov, Igor"]
[Black "Scheinfeild, Michael"]
[Result "1-0"]
[WhiteElo "2019"]
[BlackElo "1582"]
[PlyCount "87"]
[EventDate "2019.06.23"]
[EventType "swiss"]
[EventRounds "9"]
[EventCountry "ISR"]
[TimeControl "40/5400+30:1800+30"]

1. d4 e6 2. c4 f5 3. e4 Nf6 4. e5 Ne4 5. Nf3 Bb4+ 6. Nbd2 c5 7. d5 O-O 8. Bd3 d6 9. O-O Bxd2 10. Bxd2 Nxd2 11. Qxd2 dxe5 12. Nxe5 Qf6 13. Rae1 exd5 14. cxd5 f4 15. Qc2 g6 16. Qxc5 b6 17. Qa3 Nd7 18. Nxd7 Bxd7 19. Qe7 Qxe7 20. Rxe7 Rf7 21. Rfe1 Kf8 22. d6 Re8 23. Rxe8+ Bxe8 24. Be4 Rf6 25. Rd1 Bd7 26. Kf1 Ke8 27. Ke2 h6 28. Rd4 Bb5+ 29. Kf3 Kd7 30. a4 Ba6 31. Bc6+ Kd8 32. b4 g5 33. b5 Bc8 34. d7 h5 35. h3 a6 36. dxc8=Q+ Kxc8 37. Rd5 axb5 38. axb5 Rg6 39. Rf5 Kd8 40. h4 gxh4 41. Rxh5 h3 42. Rxh3 Rf6 43. Rh4 Ke7 44. Rxf4 1-0

[Event "Netanya Open 2019"]
[Site "Netanya"]
[Date "2019.06.30"]
[Round "7.58"]
[White "Stolyarsky, Yegor"]
[Black "Kopaloff, Liam"]
[Result "1/2-1/2"]
[WhiteElo "2017"]
[BlackElo "1545"]
[PlyCount "91"]
[EventDate "2019.06.23"]
[EventType "swiss"]
[EventRounds "9"]
[EventCountry "ISR"]
[TimeControl "40/5400+30:1800+30"]

1. d4 Nf6 2. Nf3 b5 3. e3 a6 4. Bd3 Bb7 5. O-O e6 6. a4 b4 7. c4 c5 8. Nbd2 Nc6 9. b3 Be7 10. Bb2 Qb6 11. Rc1 O-O 12. Bb1 Rfd8 13. d5 exd5 14. cxd5 Na5 15. Nc4 Nxc4 16. bxc4 d6 17. Qd3 g6 18. e4 Bc8 19. Qd2 Nh5 20. e5 Bd7 21. Bc2 b3 22. a5 Qb7 23. Bd1 Rab8 24. exd6 Bxd6 25. Ne5 Ng7 26. Qc3 Bf8 27. Nxd7 Rxd7 28. Re1 Qb4 29. Re3 Rdb7 30. g4 Qxc3 31. Rcxc3 Bd6 32. Rxb3 Bc7 33. Rxb7 Rxb7 34. Bxg7 Kxg7 35. Kg2 Rb4 36. Be2 Ra4 37. Re8 Rxa5 38. Rc8 Be5 39. Rc6 Kf8 40. Rb6 Bc7 41. Rb7 Bd6 42. Rd7 Bf4 43. d6 Ke8 44. Re7+ Kf8 45. Rd7 Ke8 46. Re7+ 1/2-1/2

[Event "Netanya Open 2019"]
[Site "Netanya"]
[Date "2019.06.30"]
[Round "7.59"]
[White "Friedland, Eldar"]
[Black "Schnaidman, Itzhak"]
[Result "1-0"]
[WhiteElo "1939"]
[BlackElo "1474"]
[PlyCount "83"]
[EventDate "2019.06.23"]
[EventType "swiss"]
[EventRounds "9"]
[EventCountry "ISR"]
[TimeControl "40/5400+30:1800+30"]

1. d4 d5 2. c4 e6 3. Nc3 Nf6 4. cxd5 exd5 5. Bg5 Be7 6. e3 O-O 7. Qc2 c6 8. Bd3 Nbd7 9. Nge2 Re8 10. f3 Nf8 11. O-O h6 12. Bh4 Ne6 13. Rad1 Nh5 14. Bf2 Bd6 15. e4 Bf4 16. e5 Ng5 17. h4 Nxf3+ 18. gxf3 Qd7 19. Nxf4 Nxf4 20. Be3 Nxd3 21. Rxd3 Qf5 22. Rd2 Qh5 23. Rh2 Bf5 24. Qf2 Re6 25. Ne2 Bd3 26. Nf4 Qf5 27. Rd1 Bb5 28. Nxe6 fxe6 29. Qg3 Kh7 30. Rg2 Rg8 31. Qf4 Qh5 32. Qg4 Qf7 33. h5 g5 34. hxg6+ Rxg6 35. Qxg6+ Qxg6 36. Rxg6 Kxg6 37. Kf2 h5 38. Rg1+ Kh7 39. Rg5 Bd3 40. Rxh5+ Kg6 41. Rh6+ Kf5 42. Rf6# 1-0

[Event "Netanya Open 2019"]
[Site "Netanya"]
[Date "2019.06.30"]
[Round "7.60"]
[White "Zaromb, Charles Irving"]
[Black "Fudim, Basya"]
[Result "1-0"]
[ECO "C00"]
[WhiteElo "1738"]
[BlackElo "1332"]
[PlyCount "71"]
[EventDate "2019.06.23"]
[EventType "swiss"]
[EventRounds "9"]
[EventCountry "ISR"]
[TimeControl "40/5400+30:1800+30"]

1. e4 e6 2. Nf3 d5 3. e5 c5 4. b4 cxb4 5. d4 Nc6 6. a3 f6 7. axb4 Bxb4+ 8. c3 Ba5 9. Ba3 fxe5 10. dxe5 Nge7 11. Bd3 h6 12. O-O O-O 13. Bc2 Qc7 14. Qd3 g6 15. Bd6 Qb6 16. Nh4 Rf7 17. Nxg6 Rg7 18. Nxe7+ Nxe7 19. Bxe7 Rxe7 20. Qg6+ Kf8 21. Ra4 Rf7 22. Qxh6+ Ke7 23. Qg5+ Kd7 24. Bg6 Re7 25. h4 Qd8 26. h5 b6 27. h6 Ba6 28. Rd1 Qh8 29. c4 Bb7 30. cxd5 Bxd5 31. Rad4 Qf8 32. Rf4 Qg8 33. Rxd5+ exd5 34. Bf5+ Re6 35. Bxe6+ Qxe6 36. Qg7+ 1-0

[Event "Netanya Open 2019"]
[Site "Netanya"]
[Date "2019.06.30"]
[Round "7.61"]
[White "Segev, Ido"]
[Black "Neeman, Gal"]
[Result "0-1"]
[WhiteElo "1382"]
[BlackElo "1661"]
[PlyCount "32"]
[EventDate "2019.06.23"]
[EventType "swiss"]
[EventRounds "9"]
[EventCountry "ISR"]
[TimeControl "40/5400+30:1800+30"]

1. c4 e6 2. d4 d5 3. Nc3 c6 4. c5 Nf6 5. Nf3 b6 6. b4 a5 7. Ba3 axb4 8. Bxb4 bxc5 9. dxc5 Na6 10. Qa4 Nxb4 11. Qxb4 Qa5 12. Qb2 Ne4 13. Rc1 Bxc5 14. Nd2 Ba3 15. Qc2 Nxd2 16. Kxd2 d4 0-1

[Event "Netanya Open 2019"]
[Site "Netanya"]
[Date "2019.06.30"]
[Round "7.62"]
[White "Sherman, Reem"]
[Black "Lomakin, Vladimir"]
[Result "1-0"]
[WhiteElo "1951"]
[BlackElo "1430"]
[PlyCount "65"]
[EventDate "2019.06.23"]
[EventType "swiss"]
[EventRounds "9"]
[EventCountry "ISR"]
[TimeControl "40/5400+30:1800+30"]

1. e4 e5 2. Bc4 Nf6 3. d3 h6 4. Nc3 c6 5. Nf3 d5 6. Bb3 Bg4 7. h3 Bxf3 8. Qxf3 Bb4 9. exd5 cxd5 10. Bd2 Nc6 11. O-O-O Nd4 12. Qg3 Nxb3+ 13. axb3 Bxc3 14. Bxc3 O-O 15. Qxe5 Re8 16. Qd4 Re6 17. g4 Rc8 18. Rdg1 Rxc3 19. bxc3 Qa5 20. Kb2 a6 21. h4 Re2 22. g5 Rxc2+ 23. Kxc2 Qa2+ 24. Kc1 hxg5 25. hxg5 Nh7 26. Qxd5 Qa3+ 27. Kd2 Qb2+ 28. Ke3 Nf8 29. Qd8 Qa3 30. b4 Qxc3 31. Rh8+ Kxh8 32. Qxf8+ Kh7 33. g6+ 1-0

[Event "Netanya Open 2019"]
[Site "Netanya"]
[Date "2019.06.30"]
[Round "7.63"]
[White "Fudim, Ariel"]
[Black "Kinberg, Raz"]
[Result "1/2-1/2"]
[WhiteElo "1768"]
[BlackElo "1385"]
[PlyCount "78"]
[EventDate "2019.06.23"]
[EventType "swiss"]
[EventRounds "9"]
[EventCountry "ISR"]
[TimeControl "40/5400+30:1800+30"]

1. d4 Nf6 2. c4 e6 3. g3 g6 4. Bg2 Bg7 5. Nf3 d5 6. O-O O-O 7. Nbd2 b6 8. b3 Bb7 9. Ba3 Re8 10. Rc1 Nbd7 11. Qc2 Rc8 12. Rfd1 c6 13. e4 h6 14. e5 Nh7 15. b4 b5 16. cxb5 cxb5 17. Qd3 a6 18. Nb3 Nb6 19. Nc5 Qe7 20. Rc2 Nc4 21. Bc1 Qc7 22. h4 Bf8 23. Qe2 Kg7 24. Nd2 Bxc5 25. bxc5 Qe7 26. a4 Bc6 27. axb5 axb5 28. Nxc4 bxc4 29. Rb2 Rb8 30. Be3 Qc7 31. Rdb1 Nf8 32. Qd2 h5 33. Bf3 Nd7 34. Qc3 Rxb2 35. Rxb2 Rb8 36. Rxb8 Qxb8 37. Qa5 Qc8 38. Bd1 Qb7 39. Kh2 Qc8 1/2-1/2

[Event "Netanya Open 2019"]
[Site "Netanya"]
[Date "2019.06.30"]
[Round "7.64"]
[White "Reches, Omer"]
[Black "Ben Hemo, Guy"]
[Result "1-0"]
[WhiteElo "1720"]
[BlackElo "1453"]
[PlyCount "43"]
[EventDate "2019.06.23"]
[EventType "swiss"]
[EventRounds "9"]
[EventCountry "ISR"]
[TimeControl "40/5400+30:1800+30"]

1. d4 d5 2. Nf3 Nf6 3. Bf4 e6 4. e3 c5 5. c3 Qb6 6. Qb3 Qxb3 7. axb3 Nc6 8. Na3 a6 9. Nb5 Kd8 10. Ng5 Ke7 11. Bd6+ Kd7 12. dxc5 b6 13. Nxf7 Rg8 14. Nc7 Ra7 15. cxb6 Rxc7 16. Bxc7 h6 17. Bxa6 Bxa6 18. Rxa6 Be7 19. O-O Rf8 20. Ne5+ Nxe5 21. Bxe5 Ng4 22. Bg3 1-0

[Event "Netanya Open 2019"]
[Site "Netanya"]
[Date "2019.06.30"]
[Round "7.65"]
[White "Usha Margolin, Daniel"]
[Black "Lazebnikov, Efim"]
[Result "0-1"]
[WhiteElo "1437"]
[BlackElo "1444"]
[PlyCount "90"]
[EventDate "2019.06.23"]
[EventType "swiss"]
[EventRounds "9"]
[EventCountry "ISR"]
[TimeControl "40/5400+30:1800+30"]

1. e4 e6 2. d4 b6 3. Nc3 Bb7 4. Nf3 g6 5. Bf4 d6 6. Bc4 Bg7 7. O-O Ne7 8. Re1 O-O 9. Qd2 Nd7 10. Bh6 a6 11. h4 b5 12. Bb3 Nb6 13. h5 Nc4 14. Bxc4 bxc4 15. Bxg7 Kxg7 16. h6+ Kh8 17. Qe3 Ng8 18. d5 e5 19. a4 Bc8 20. a5 Bd7 21. Ra3 f5 22. Nd2 f4 23. Qe2 Nxh6 24. Qxc4 Ng4 25. Nf3 g5 26. Rb3 Nh6 27. Rb7 g4 28. Nd2 g3 29. f3 Qh4 30. Qxc7 Qh2+ 31. Kf1 Qh1+ 32. Ke2 Qxg2+ 33. Kd1 Rad8 34. Qxd6 Nf7 35. Qf6+ Kg8 36. Qxa6 Bc8 37. b3 Bxb7 38. Qxb7 Ng5 39. Re2 Qh3 40. Re1 Qc8 41. Qe7 Nf7 42. Ne2 Rd7 43. Qh4 Rd6 44. Qh3 Qxh3 45. Nc4 Ra6 0-1

[Event "Netanya Open 2019"]
[Site "Netanya"]
[Date "2019.06.30"]
[Round "7.66"]
[White "Mendler, Omer"]
[Black "Neeman, Ori"]
[Result "1-0"]
[WhiteElo "1231"]
[BlackElo "1285"]
[PlyCount "61"]
[EventDate "2019.06.23"]
[EventType "swiss"]
[EventRounds "9"]
[EventCountry "ISR"]
[TimeControl "40/5400+30:1800+30"]

1. e4 e5 2. Nf3 Nc6 3. Bc4 Nf6 4. d3 Bc5 5. c3 d6 6. b4 Bb6 7. a4 a6 8. a5 Ba7 9. Bg5 h6 10. Bh4 Qe7 11. Nbd2 Be6 12. Qb3 Rf8 13. b5 Bxc4 14. Nxc4 axb5 15. Qxb5 Bb6 16. O-O g5 17. Bg3 g4 18. Nh4 Bxf2+ 19. Rxf2 Ra7 20. Nf5 Qd7 21. Ng7+ Ke7 22. Bh4 Rg8 23. Bxf6+ Kf8 24. Nf5 Rg6 25. Bh4 h5 26. Raf1 g3 27. hxg3 Qe6 28. a6 Nd8 29. Bxd8 bxa6 30. Qb8 f6 31. Be7+ 1-0

[Event "Netanya Open 2019"]
[Site "Netanya"]
[Date "2019.06.30"]
[Round "7.67"]
[White "Sivan, Guy"]
[Black "Friedland, Benzi"]
[Result "1-0"]
[WhiteElo "1246"]
[BlackElo "1189"]
[PlyCount "51"]
[EventDate "2019.06.23"]
[EventType "swiss"]
[EventRounds "9"]
[EventCountry "ISR"]
[TimeControl "40/5400+30:1800+30"]

1. e4 d5 2. exd5 Qxd5 3. Nc3 Qa5 4. d4 Nf6 5. Bd2 c6 6. Bc4 Bf5 7. Nd5 Qd8 8. Nxf6+ gxf6 9. Nf3 h6 10. O-O e6 11. Re1 Nd7 12. Nh4 Bh7 13. Qh5 Bg8 14. Rxe6+ Be7 15. Rae1 Kf8 16. Bxh6+ Ke8 17. Rxe7+ Qxe7 18. Rxe7+ Kxe7 19. Bf8+ Nxf8 20. Qxh8 Ne6 21. Nf5+ Kd7 22. Qxf6 Kc7 23. Qe7+ Kb6 24. Nd6 Rb8 25. Ne8 Rc8 26. Qb4# 1-0

[Event "Netanya Open 2019"]
[Site "Netanya"]
[Date "2019.06.30"]
[Round "7.69"]
[White "Havakuk, Elad"]
[Black "Marques, Don"]
[Result "0-1"]
[WhiteElo "1350"]
[BlackElo "1179"]
[PlyCount "130"]
[EventDate "2019.06.23"]
[EventType "swiss"]
[EventRounds "9"]
[EventCountry "ISR"]
[TimeControl "40/5400+30:1800+30"]

1. e4 c5 2. d4 cxd4 3. c3 dxc3 4. Nxc3 e6 5. Bc4 b6 6. a4 Bc5 7. Nf3 Bb7 8. O-O Ne7 9. Bf4 O-O 10. Rb1 Bb4 11. Re1 d5 12. exd5 exd5 13. Bb3 Ng6 14. Bg5 f6 15. Re4 Bxc3 16. bxc3 Kh8 17. Rd4 fxg5 18. Bxd5 Bxd5 19. Nxg5 Qxg5 20. Rxd5 Ne5 21. Rbb5 Nbc6 22. Rd6 Qe7 23. Rbd5 Rad8 24. f4 Rxd6 25. Rxd6 Rd8 26. fxe5 Rxd6 27. exd6 Qe3+ 28. Kf1 Qe6 29. d7 Nd8 30. h3 h6 31. Qd4 Qf7+ 32. Kg1 Kg8 33. a5 Kh7 34. Qe4+ Qg6 35. Qe8 Nc6 36. axb6 Qb1+ 37. Kf2 Qxb6+ 38. Kf3 Qc7 39. Qe4+ g6 40. Qe8 Ne5+ 41. Qxe5 Qxe5 42. d8=Q Qxc3+ 43. Kf2 Qg7 44. Kf3 a6 45. Qa8 Qf6+ 46. Kg3 h5 47. Qb7+ Kh6 48. Kh2 a5 49. Qa8 Qf4+ 50. Kg1 a4 51. Qh8+ Kg5 52. Qd8+ Kf5 53. Qd5+ Kf6 54. Qc6+ Kg7 55. Qb7+ Kh6 56. Qa8 Qe3+ 57. Kf1 a3 58. Qh8+ Kg5 59. Qd8+ Kf4 60. Qf6+ Kg3 61. Qxg6+ Kh2 62. Qxh5 Qg1+ 63. Ke2 Qxg2+ 64. Kd1 a2 65. Qe5+ Kh1 0-1

[Event "Netanya Open 2019"]
[Site "Netanya"]
[Date "2019.07.01"]
[Round "8.1"]
[White "Zubov, Alexander"]
[Black "Antipov, Mikhail Al."]
[Result "1/2-1/2"]
[ECO "D87"]
[WhiteElo "2597"]
[BlackElo "2582"]
[Annotator "ChessBase"]
[PlyCount "36"]
[EventDate "2019.06.23"]
[EventType "swiss"]
[EventCountry "ISR"]
[SourceTitle "playchess.com"]
[Source "ChessBase"]
[SourceQuality "1"]
[TimeControl "40/5400+30:1800+30"]

1. d4 Nf6 2. c4 g6 3. Nc3 d5 4. cxd5 Nxd5 5. e4 Nxc3 6. bxc3 Bg7 7. Bc4 c5 8. Ne2 O-O 9. O-O Nc6 10. Be3 b6 11. Qd2 Bb7 12. Rfd1 cxd4 13. cxd4 Rc8 14. Rac1 e6 15. Bg5 Qd7 16. h4 Na5 17. Bd3 Rxc1 18. Rxc1 Rc8 1/2-1/2

[Event "Netanya Open 2019"]
[Site "Netanya"]
[Date "2019.07.01"]
[Round "8.2"]
[White "Dvoirys, Semen I."]
[Black "Moiseenko, Alexander"]
[Result "1/2-1/2"]
[ECO "B33"]
[WhiteElo "2502"]
[BlackElo "2642"]
[Annotator "ChessBase"]
[PlyCount "67"]
[EventDate "2019.06.23"]
[EventType "swiss"]
[EventCountry "ISR"]
[SourceTitle "playchess.com"]
[Source "ChessBase"]
[SourceQuality "1"]
[TimeControl "40/5400+30:1800+30"]

1. e4 c5 2. Nf3 Nc6 3. d4 cxd4 4. Nxd4 Nf6 5. Nc3 e5 6. Ndb5 d6 7. Bg5 a6 8. Na3 b5 9. Nd5 Be7 10. Bxf6 Bxf6 11. c3 Bg5 12. Nc2 Ne7 13. a4 bxa4 14. Rxa4 Nxd5 15. Qxd5 Be6 16. Qd3 O-O 17. Be2 a5 18. O-O Bb3 19. Raa1 Qb6 20. Na3 a4 21. Nc4 Qb5 22. Rfe1 Rab8 23. Ne3 Qc5 24. Bd1 Bxe3 25. Rxe3 Bxd1 26. Qxd1 Rxb2 27. Qxa4 f5 28. exf5 Rxf5 29. Qe8+ Rf8 30. Qe6+ Kh8 31. Qf5 Kg8 32. Qe6+ Kh8 33. Qf5 Kg8 34. Qe6+ 1/2-1/2

[Event "Netanya Open 2019"]
[Site "Netanya"]
[Date "2019.07.01"]
[Round "8.3"]
[White "Efimenko, Zahar"]
[Black "Gorodetzky, David"]
[Result "1/2-1/2"]
[ECO "C02"]
[WhiteElo "2632"]
[BlackElo "2461"]
[Annotator "ChessBase"]
[PlyCount "111"]
[EventDate "2019.06.23"]
[EventType "swiss"]
[EventCountry "ISR"]
[SourceTitle "playchess.com"]
[Source "ChessBase"]
[SourceQuality "1"]
[TimeControl "40/5400+30:1800+30"]

1. e4 e6 2. d4 d5 3. e5 c5 4. c3 Nc6 5. Nf3 Bd7 6. Be2 Nge7 7. O-O Ng6 8. g3 Be7 9. h4 cxd4 10. cxd4 O-O 11. h5 Nh8 12. Nbd2 f6 13. exf6 Bxf6 14. Nb3 Nf7 15. Bf4 Nh6 16. Bxh6 gxh6 17. Nc5 Bc8 18. Bb5 Bg7 19. Bxc6 bxc6 20. Ne5 Bxe5 21. dxe5 Qg5 22. Qe2 Rb8 23. a3 Rf5 24. Rfe1 Qxh5 25. Qxh5 Rxh5 26. b4 Kf7 27. Rac1 Rg5 28. Kg2 Ra8 29. Rb1 a5 30. b5 cxb5 31. Rxb5 Ra7 32. Nb3 Rg4 33. Rc1 Rc4 34. Rc5 Rxc1 35. Rxc1 Bd7 36. Nd4 h5 37. Kf3 a4 38. Ke3 Rb7 39. f4 Ke7 40. Rh1 Be8 41. g4 Rb2 42. f5 Rg2 43. f6+ Kd7 44. gxh5 Rg4 45. Nf3 Re4+ 46. Kd3 h6 47. Rg1 Bxh5 48. Rg7+ Ke8 49. Re7+ Kf8 50. Nd4 Rxe5 51. Nxe6+ Kg8 52. Kd4 Rf5 53. Ng7 Rg5 54. Ne6 Rf5 55. Ng7 Rg5 56. Ne6 1/2-1/2

[Event "Netanya Open 2019"]
[Site "Netanya"]
[Date "2019.07.01"]
[Round "8.4"]
[White "Svetushkin, Dmitry"]
[Black "Baron, Tal"]
[Result "0-1"]
[ECO "C54"]
[WhiteElo "2532"]
[BlackElo "2524"]
[Annotator "ChessBase"]
[PlyCount "118"]
[EventDate "2019.06.23"]
[EventType "swiss"]
[EventCountry "ISR"]
[SourceTitle "playchess.com"]
[Source "ChessBase"]
[SourceQuality "1"]
[TimeControl "40/5400+30:1800+30"]

1. e4 e5 2. Bc4 Nf6 3. d3 Bc5 4. Nf3 Nc6 5. O-O O-O 6. h3 d6 7. c3 h6 8. Re1 Re8 9. b4 Bb6 10. a4 a6 11. Nbd2 Be6 12. Bxe6 Rxe6 13. Bb2 d5 14. Qc2 dxe4 15. dxe4 Nh5 16. Nc4 Nf4 17. Nxb6 cxb6 18. Rad1 Qc8 19. Bc1 Nxb4 20. Qb1 Nc6 21. Kh2 Qc7 22. Nh4 Ne7 23. Nf5 Rc6 24. Ba3 Nxf5 25. exf5 Rxc3 26. Bb2 Qc6 27. Qe4 Qxe4 28. Rxe4 Rd3 29. Rc1 Rd7 30. Rc2 Nd3 31. Bc1 Rd4 32. Ree2 Rxa4 33. Be3 Rb4 34. Rc7 b5 35. Rxb7 Rb2 36. Rxb2 Nxb2 37. g4 Nc4 38. Bc5 Rc8 39. Be7 Rc6 40. h4 Rb6 41. Rc7 a5 42. Rc8+ Kh7 43. Rc7 Rb8 44. g5 hxg5 45. hxg5 Ra8 46. Rb7 a4 47. Bb4 a3 48. Bc3 a2 49. Ba1 Nd6 50. g6+ fxg6 51. fxg6+ Kh6 52. Rb6 Nc4 53. Rxb5 Rd8 54. Rb4 Rd1 55. Bc3 Na3 56. Bxe5 a1=Q 57. Bxa1 Rxa1 58. Rb6 Nc4 59. Re6 Rd1 0-1

[Event "Netanya Open 2019"]
[Site "Netanya"]
[Date "2019.07.01"]
[Round "8.5"]
[White "Zoler, Dan"]
[Black "Korobov, Anton"]
[Result "0-1"]
[ECO "D60"]
[WhiteElo "2499"]
[BlackElo "2687"]
[Annotator "RC"]
[PlyCount "142"]
[EventDate "2019.06.23"]
[EventType "swiss"]
[EventCountry "ISR"]
[SourceTitle "playchess.com"]
[Source "ChessBase"]
[SourceQuality "1"]
[TimeControl "40/5400+30:1800+30"]

1. d4 d5 2. c4 e6 3. Nf3 Nf6 4. Nc3 Nbd7 5. Bg5 h6 6. Bxf6 Nxf6 7. e3 Be7 8. Bd3 dxc4 9. Bxc4 O-O 10. O-O c5 11. Rc1 a6 12. dxc5 Bxc5 13. Qxd8 Rxd8 14. Na4 Ba7 15. Bb3 Bd7 16. Rfd1 Rac8 17. Ne5 Be8 18. Rxc8 Rxc8 19. Nc3 b5 20. Nd3 a5 21. a3 Bb8 22. h3 Kf8 23. Kf1 Ke7 24. Ke2 g5 25. Rc1 Bd7 26. Na2 Rxc1 27. Naxc1 e5 28. Bc2 Bc6 29. Ne1 a4 30. Na2 e4 31. Nc3 Be5 32. Kd2 Ne8 33. Bd1 Nd6 34. Be2 f5 35. Nc2 f4 36. Nb4 Bd7 37. Nbd5+ Kd8 38. Bf1 h5 39. Kc2 h4 40. f3 exf3 41. gxf3 fxe3 42. Nxe3 Ke7 43. Ncd5+ Ke6 44. Nc7+ Kf7 45. Ncd5 Nf5 46. Nxf5 Bxf5+ 47. Kd2 Bd7 48. Nc3 Kf6 49. Ke3 b4 50. Nd5+ Kg7 51. Nxb4 Bxb2 52. Nc2 Kf6 53. Bd3 Ke5 54. Kf2 Kf4 55. Bg6 Bxh3 56. Be8 Bf5 57. Bxa4 g4 58. fxg4 Be4 59. Bb5 Bxc2 60. Bc6 Bxa3 61. Kg2 Bd1 62. g5 Kxg5 63. Bd7 Bb3 64. Kh3 Bc4 65. Kg2 Bd5+ 66. Kh3 Be7 67. Bc8 Kf4 68. Kh2 Kf3 69. Bd7 Kf2 70. Kh3 Bg2+ 71. Kg4 h3 0-1

[Event "Netanya Open 2019"]
[Site "Netanya"]
[Date "2019.07.01"]
[Round "8.6"]
[White "Parligras, Mircea-Emilian"]
[Black "Bar, Roman"]
[Result "1-0"]
[ECO "E11"]
[WhiteElo "2638"]
[BlackElo "2497"]
[Annotator "ChessBase"]
[PlyCount "119"]
[EventDate "2019.06.23"]
[EventType "swiss"]
[EventCountry "ISR"]
[SourceTitle "playchess.com"]
[Source "ChessBase"]
[SourceQuality "1"]
[TimeControl "40/5400+30:1800+30"]

1. d4 Nf6 2. c4 e6 3. Nf3 Bb4+ 4. Bd2 c5 5. Bxb4 cxb4 6. e3 O-O 7. Be2 d6 8. a3 bxa3 9. Rxa3 Nc6 10. Nc3 e5 11. O-O Bg4 12. h3 Bh5 13. Qa4 exd4 14. Nxd4 Nxd4 15. Bxh5 Nxh5 16. Qd1 Qb6 17. Qxd4 Qxd4 18. exd4 Nf4 19. Re1 h6 20. Re7 d5 21. cxd5 b5 22. Nxb5 Nxd5 23. Rd7 Nf6 24. Rdxa7 Rab8 25. R3a5 Rfd8 26. Rc7 Nd5 27. Rc4 Nf4 28. b4 Ne6 29. Kf1 Rd5 30. Na3 Rxd4 31. Rxd4 Nxd4 32. b5 Rb7 33. f4 g5 34. fxg5 hxg5 35. Kf2 Kg7 36. Ke3 Ne6 37. Nc4 Rc7 38. Kd3 Nf4+ 39. Kc3 Rc5 40. g3 Ne2+ 41. Kb4 Rd5 42. b6 Rd1 43. Kc5 Nd4 44. Ra2 Ne6+ 45. Kb4 Rh1 46. Kb5 Nd4+ 47. Kc5 Ne6+ 48. Kd6 Rd1+ 49. Rd2 Rb1 50. Rb2 Rd1+ 51. Rd2 Rb1 52. Kc6 Rc1 53. Kb5 Rb1+ 54. Nb2 Rc1 55. b7 Rc3 56. Rd3 Rc2 57. Na4 Rc1 58. Nc3 Rc2 59. Kb6 Rb2+ 60. Nb5 1-0

[Event "Netanya Open 2019"]
[Site "Netanya"]
[Date "2019.07.01"]
[Round "8.7"]
[White "Roiz, Michael"]
[Black "Flom, Gabriel"]
[Result "1-0"]
[ECO "A30"]
[WhiteElo "2603"]
[BlackElo "2480"]
[Annotator "ChessBase"]
[PlyCount "47"]
[EventDate "2019.06.23"]
[EventType "swiss"]
[EventCountry "ISR"]
[SourceTitle "playchess.com"]
[Source "ChessBase"]
[SourceQuality "1"]
[TimeControl "40/5400+30:1800+30"]

1. Nf3 Nf6 2. g3 c5 3. Bg2 Nc6 4. c4 d5 5. cxd5 Nxd5 6. d4 cxd4 7. Nxd4 Ndb4 8. Nxc6 Qxd1+ 9. Kxd1 Nxc6 10. Nc3 g6 11. Nb5 Kd8 12. Be3 Bg7 13. Kc2 Bf5+ 14. Kb3 e5 15. Rad1+ Ke7 16. Nc7 Be6+ 17. Nxe6 fxe6 18. Bc5+ Kf6 19. Bxc6 Rhc8 20. Rd7 Rxc6 21. Be7+ Kf7 22. Rxb7 a5 23. a4 Bf6 24. Bd8+ 1-0

[Event "Netanya Open 2019"]
[Site "Netanya"]
[Date "2019.07.01"]
[Round "8.8"]
[White "Mikhalevski, Victor"]
[Black "Grinberg, Eyal"]
[Result "1/2-1/2"]
[ECO "A14"]
[WhiteElo "2579"]
[BlackElo "2474"]
[Annotator "ChessBase"]
[PlyCount "132"]
[EventDate "2019.06.23"]
[EventType "swiss"]
[EventCountry "ISR"]
[SourceTitle "playchess.com"]
[Source "ChessBase"]
[SourceQuality "1"]
[TimeControl "40/5400+30:1800+30"]

1. c4 Nf6 2. Nf3 c5 3. g3 b6 4. Bg2 Bb7 5. O-O e6 6. b3 Be7 7. Bb2 O-O 8. Nc3 d5 9. e3 Nbd7 10. Qe2 Rc8 11. Rac1 dxc4 12. bxc4 Qc7 13. Rfd1 Rfe8 14. d3 a6 15. Rb1 Ng4 16. Ba1 Bf6 17. a4 Bc6 18. Ne1 Bxg2 19. Nxg2 Nge5 20. Ne4 Be7 21. f4 Nc6 22. g4 Nb4 23. g5 Qc6 24. Kh1 Qxa4 25. Rd2 Qc6 26. Rg1 b5 27. Ng3 Rcd8 28. e4 bxc4 29. dxc4 Nb6 30. Rdd1 Bf8 31. Ne3 Rxd1 32. Rxd1 Qc7 33. Ng4 Rd8 34. Nh5 Rxd1+ 35. Qxd1 Nc6 36. Ngf6+ Kh8 37. Nxg7 Bxg7 38. Qh5 h6 39. gxh6 Qd8 40. hxg7+ Kxg7 41. Qh7+ Kf8 42. Qh8+ Ke7 43. Nd5+ Nxd5 44. Qxd8+ Kxd8 45. cxd5 exd5 46. exd5 Nb4 47. h4 Nxd5 48. h5 Nxf4 49. h6 Ke7 50. h7 Ng6 51. h8=Q Nxh8 52. Bxh8 Ke6 53. Kg2 Kd5 54. Kf3 Kc4 55. Ke3 Kb3 56. Bf6 Kc2 57. Bd8 Kb3 58. Ba5 f5 59. Bd2 Kc4 60. Be1 Kb5 61. Kf4 a5 62. Kxf5 a4 63. Ke4 Kc4 64. Ke3 Kb3 65. Kd3 c4+ 66. Kd4 a3 1/2-1/2

[Event "Netanya Open 2019"]
[Site "Netanya"]
[Date "2019.07.01"]
[Round "8.9"]
[White "Khmelniker, Ilya"]
[Black "Sivuk, Vitaly"]
[Result "0-1"]
[ECO "E13"]
[WhiteElo "2483"]
[BlackElo "2547"]
[Annotator "ChessBase"]
[PlyCount "130"]
[EventDate "2019.06.23"]
[EventType "swiss"]
[EventCountry "ISR"]
[SourceTitle "playchess.com"]
[Source "ChessBase"]
[SourceQuality "1"]
[TimeControl "40/5400+30:1800+30"]

1. d4 Nf6 2. c4 e6 3. Nf3 b6 4. Nc3 Bb4 5. Bg5 Bb7 6. e3 h6 7. Bh4 g5 8. Bg3 Ne4 9. Qc2 Bxc3+ 10. bxc3 d6 11. Bd3 f5 12. d5 Qf6 13. Nd4 Nc5 14. f3 Nbd7 15. Nxe6 Nxe6 16. dxe6 Qxe6 17. Bxf5 Qxe3+ 18. Kd1 O-O-O 19. Re1 Qc5 20. Bf2 Qxc4 21. Bd4 Rhf8 22. Re7 Kb8 23. Bd3 Qd5 24. Qb3 Nf6 25. Qxd5 Nxd5 26. Rh7 c5 27. Bg1 Nf4 28. Bf1 Rh8 29. Rxh8 Rxh8 30. Kd2 Re8 31. Re1 Rxe1 32. Kxe1 Bd5 33. a3 Kc7 34. Be3 Kc6 35. h4 b5 36. hxg5 hxg5 37. g3 Ng6 38. Kf2 Ne5 39. Bxg5 Nxf3 40. Bf4 a5 41. Ke2 a4 42. Bc1 Ne5 43. Kd2 Kb6 44. Kc2 Be4+ 45. Kb2 Bd3 46. Bg2 Be2 47. Kc2 Bf3 48. Bf1 d5 49. Bf4 Nc6 50. Bh3 Be4+ 51. Kb2 d4 52. Bd7 dxc3+ 53. Kxc3 Nd4 54. Be5 Nc2 55. Kb2 Ne3 56. Be6 Bd5 57. Bxd5 Nxd5 58. g4 Ne3 59. Bg7 Nxg4 60. Bf8 Kc6 61. Kc3 Ne5 62. Kb2 Kd5 63. Be7 Kc4 64. Bf8 Nd3+ 65. Ka2 Kc3 0-1